 Dungeon Crawl Stone Soup version 0.30-a0-639-g3916f1956a (webtiles) character file.

Game seed: 1224472160100275953

1744906 bakla the Conqueror (level 27, 435/435 HPs)
             Began as a Troll Air Elementalist on Jan 15, 2023.
             Was the Champion of Wu Jian.
             Escaped with the Orb
             ... and 3 runes!
             The game lasted 03:29:55 (65553 turns).

bakla the Conqueror (Troll Air Elementalist)       Turns: 65553, Time: 03:29:55

Health: 435/435    AC: 16    Str: 35    XL:     27
Magic:  37/37      EV: 11    Int: 21    God:    Wu Jian [******]
Gold:   4879       SH:  0    Dex: 14    Spells: 21/34 levels left

rFire   + + .      SeeInvis +      - Unarmed
rCold   x . .      Faith    .    (shield currently unavailable)
rNeg    . . .      Spirit   .    (body armour currently unavailable)
rPois   +          Reflect  .    (helmet currently unavailable)
rElec   +          Harm     .    (cloak currently unavailable)
rCorr   +          Rampage  .    (gloves unavailable)
Will    +++++                    (boots unavailable)
Stlth   +                        G - amulet of regeneration
HPRegen 2.52/turn                p - ring of the Empire {*Corrode Will+++ SInv}
MPRegen 0.25/turn                g - ring of the Real Monster {rElec rCorr MP+9 Int+5 Stlth-}

@: dragon-form (expiring), flying, hasted, studying 2 skills, very quick
A: dragon claw, dragon scales, breathe fire, flying, boosted hp, giant,
unfitting armour, (claws 3), regeneration 1, (shaggy fur 1), (tough skin 1), see
invisible, agile 1, dopey 1, frail 1, subdued magic 2
0: Orb of Zot
}: 3/15 runes: barnacled, silver, gossamer
a: Breathe Fire, End Transformation, Renounce Religion, Wall Jump, Serpent's
Lash, Heavenly Storm


You escaped.
You worshipped Wu Jian.
Wu Jian was exalted by your worship.
You were a fearsome dragon!
You visited 11 branches of the dungeon, and saw 51 of its levels.
You visited 1 bazaar.
You also visited: Bailey and Gauntlet.

You collected 8452 gold pieces.
You spent 3573 gold pieces at shops.

Inventory:

Missiles
 j - 2 throwing nets
 S - 2 curare-tipped darts
Armour
 q - the +2 robe of Filth {Int+3}
   (You bought it in a shop on level 1 of the Elven Halls)

   Int:       It affects your intelligence (+3).
 v - the +0 cloak "Koavefra" (melded) {rElec rF+ Regen+ Str-3}
   (You bought it in a shop on level 1 of the Elven Halls)

   Str:       It affects your strength (-3).
   rF:        It protects you from fire.
   rElec:     It insulates you from electricity.
   Regen:     It increases your rate of health regeneration.
 F - a +0 troll leather armour (melded)
 W - a +2 cloak of stealth
 Y - a +2 hat of willpower (melded)
Jewellery
 g - the ring of the Real Monster (right foreclaw) {rElec rCorr MP+9 Int+5 Stlth-}
   (You found it on level 3 of the Crypt)

   [ring of magical power]

   Int:       It affects your intelligence (+5).
   rElec:     It insulates you from electricity.
   MP:        It affects your magic capacity (+9).
   rCorr:     It protects you from acid and corrosion.
   Stlth:     It makes you less stealthy.
 p - the ring of the Empire (left foreclaw) {*Corrode Will+++ SInv}
   (You took it off a deep elf archer on level 1 of the Elven Halls)

   [ring of see invisible]

   SInv:      It lets you see invisible.
   *Corrode:  It may corrode you when you take damage.
   Will:      It greatly increases your willpower.
 A - a ring of protection from cold
 G - an amulet of regeneration (around neck)
 I - the ring "Qan Quy" {Contam rF+ Str+2 Dex+6}
   (You took it off a deep elf death mage on level 3 of the Elven Halls)

   [ring of protection from fire]

   Str:       It affects your strength (+2).
   Dex:       It affects your dexterity (+6).
   rF:        It protects you from fire.
   Contam:    It causes magical contamination when unequipped.
 N - a +5 ring of evasion
 P - the ring "Buczioradd" {MP+9 Int+5}
   (You took it off a yaktaur captain on level 5 of the Vaults)

   [ring of magical power]

   Int:       It affects your intelligence (+5).
   MP:        It affects your magic capacity (+9).
 U - the ring of Light {Ice Contam rCorr Dex+2}
   (You took it off a deep elf elementalist on level 3 of the Elven Halls)

   [ring of ice]

   It enhances your ice magic.
   Dex:       It affects your dexterity (+2).
   rF:        It makes you vulnerable to fire.
   rC:        It protects you from cold.
   Contam:    It causes magical contamination when unequipped.
   rCorr:     It protects you from acid and corrosion.
 V - a ring of see invisible
Wands
 e - a wand of roots (50)
 n - a wand of light (18)
 r - a wand of digging (5)
 Q - a wand of mindburst (6)
Scrolls
 d - 5 scrolls of poison
 h - 11 scrolls of enchant armour
 o - 6 scrolls of immolation
 t - 3 scrolls of noise
 u - 2 scrolls of blinking
 w - 22 scrolls of teleportation
 x - 12 scrolls of enchant weapon
 y - 2 scrolls of silence
 B - 34 scrolls of identify
 C - 6 scrolls of fear
 E - 5 scrolls of magic mapping
 L - 9 scrolls of fog
 R - a scroll of amnesia
 Z - 10 scrolls of vulnerability
Potions
 a - 2 potions of haste
 b - 3 potions of magic
 c - 5 potions of mutation
 f - 4 potions of cancellation
 k - 7 potions of brilliance
 m - 18 potions of curing
 s - 17 potions of attraction
 z - 6 potions of resistance
 D - 7 potions of ambrosia
 H - 8 potions of heal wounds
 K - 3 potions of lignification
 M - 4 potions of flight
 O - 7 potions of might
 T - 4 potions of invisibility
Miscellaneous
 i - a phantom mirror
 l - a box of beasts
 J - a phial of floods
 X - a condenser vane


   Skills:
 O Level 27 Fighting
 - Level 10.0 Armour
 + Level 10.0 Dodging
 - Level 1.0 Stealth
 - Level 26.9 Unarmed Combat
 - Level 4.0 Spellcasting
 - Level 0.6 Conjurations
 - Level 19.0 Transmutations
 - Level 2.0 Air Magic
 - Level 4.6 Earth Magic


You had 21 spell levels left.
You knew the following spells:

 Your Spells              Type           Power      Damage    Failure   Level
a - Wereblood             Tmut           51%        N/A       0%          2
b - Manifold Assault      Tloc           2%         N/A       67%         4
d - Dragon Form           Tmut           25%        N/A       2%          7

Your spell library contained the following spells:

 Spells                   Type           Power      Damage    Failure   Level
 Beastly Appendage        Tmut           100%       N/A       0%          1
 Sandblast                Erth           28%        2d8       1%          1
 Sting                    Tmut/Pois      100%       1d8       1%          1
 Passwall                 Tmut/Erth      27%        N/A       1%          2
 Ignite Poison            Fire/Tmut/Pois 19%        N/A       1%          3
 Spider Form              Tmut/Pois      27%        N/A       1%          3
 Petrify                  Tmut/Erth      33%        N/A       1%          4
 Blade Hands              Tmut           25%        N/A       1%          5
 Irradiate                Conj/Tmut      14%        3d16      3%          5
 Shock                    Conj/Air       24%        1d4       4%          1
 Alistair's Intoxication  Tmut/Pois      18%        N/A       4%          5
 Magic Dart               Conj           16%        1d3       6%          1
 Foxfire                  Conj/Fire      12%        2x1d4     7%          1
 Static Discharge         Conj/Air       12%        2-3/arc   7%          2
 Freeze                   Ice            8%         1d3       8%          1
 Summon Small Mammal      Summ           8%         N/A       8%          1
 Poisonous Vapours        Pois/Air       10%        N/A       8%          2
 Stone Arrow              Conj/Erth      18%        3d8       8%          3
 Searing Ray              Conj           8%         2d4       10%         2
 Statue Form              Tmut/Erth      22%        N/A       10%         6
 Swiftness                Air            7%         N/A       11%         3
 Blink                    Tloc           4%         N/A       13%         2
 Call Imp                 Summ           2%         N/A       13%         2
 Lesser Beckoning         Tloc           4%         N/A       13%         2
 Scorch                   Fire           4%         2d5       13%         2
 Sublimation of Blood     Necr           2%         N/A       13%         2
 Vhi's Electric Charge    Tloc/Air       10%        N/A       17%         3
 Kindle Blastsparks       Fire/Tloc/Air  8%         2d10      21%         3
 Dazzling Flash           Conj/Hex       6%         N/A       24%         3
 Call Canine Familiar     Summ           2%         N/A       26%         3
 Gell's Gravitas          Tloc           2%         N/A       26%         3
 Inner Flame              Hex/Fire       2%         N/A       26%         3
 Portal Projectile        Hex/Tloc       4%         N/A       26%         3
 Summon Guardian Golem    Hex/Summ       2%         N/A       26%         3
 Teleport Other           Tloc           2%         N/A       26%         3
 Tukima's Dance           Hex            2%         N/A       26%         3
 Animate Armour           Summ/Erth      16%        N/A       34%         4
 Airstrike                Air            3%         2d(1-17)  36%         4
 Lee's Rapid Deconstruct  Erth           7%         3d6*      36%         5
 Summon Lightning Spire   Summ/Air       5%         N/A       52%         4
 Flame Wave               Conj/Fire      3%         2d5       63%         4
 Fulminant Prism          Conj/Hex       1%         3d5       63%         4
 Iskenderun's Mystic Bla  Conj/Tloc      3%         2d3       63%         4
 Sticky Flame             Conj/Fire      3%         2d3       63%         4
 Anguish                  Hex/Necr       1%         N/A       67%         4
 Olgreb's Toxic Radiance  Pois           2%         N/A       67%         4
 Summon Ice Beast         Ice/Summ       2%         N/A       67%         4
 Storm Form               Tmut/Air       15%        N/A       73%         7
 Arcjolt                  Conj/Air       3%         1d13      85%         5
 Lightning Bolt           Conj/Air       3%         1d14      85%         5
 Silence                  Hex/Air        2%         N/A       87%         5
 Iskenderun's Battlesphe  Conj           4%         2d6       91%         5
 Fireball                 Conj/Fire      1%         3d3       94%         5
 Agony                    Necr           2%         N/A       95%         5
 Metabolic Englaciation   Hex/Ice        1%         N/A       95%         5
 Summon Forest            Summ/Tloc      1%         N/A       95%         5
 Summon Mana Viper        Hex/Summ       2%         N/A       95%         5
 Conjure Ball Lightning   Conj/Air       3%         3x3d6     100%        6
 Starburst                Conj/Fire      1%         6d3       100%        6
 Summon Cactus Giant      Summ           1%         N/A       100%        6
 Enfeeble                 Hex            1%         N/A       100%        7
 Orb of Destruction       Conj           2%         9d5       100%        7
 Ozocubu's Refrigeration  Ice            1%         4d7       100%        7
 Summon Hydra             Summ           1%         N/A       100%        7
 Lehudib's Crystal Spear  Conj/Erth      4%         10d3      100%        8
 Maxwell's Capacitive Co  Air            3%         ∞         100%        8
 Summon Horrible Things   Summ           1%         N/A       100%        8


Dungeon Overview and Level Annotations

Branches:
Dungeon (15/15)            Temple (1/1) D:6            Lair (5/5) D:9
 Shoals (4/4) Lair:2       Spider (4/4) Lair:3        Slime (0/5) Lair:5
    Orc (2/2) D:11            Elf (3/3) Orc:2        Vaults (5/5) D:14
  Crypt (3/3) Vaults:2       Tomb (0/3) Crypt:3      Depths (4/4) D:15
    Zot (5/5) Depths:4     Bailey (visited)         Gauntlet (visited)

Altars:
Ashenzari
Cheibriados
Dithmenos
Elyvilon
Fedhas
Gozag
Hepliaklqana
Kikubaaqudgha
Makhleb
Nemelex Xobeh
Okawaru
Qazlal
Ru
Sif Muna
Trog
Uskayaw
Vehumet
Wu Jian
Xom
Yredelemnul
Zin
The Shining One

Shops:
D:3 =   D:8 **   D:14 :   Orc:1 (   Orc:2 ([:*   Elf:1 [=[=   Shoals:2 (
Shoals:3 (   Vaults:1 [

Portals:
Hell: Depths:1 Depths:2 Depths:3 Depths:4
Abyss: Depths:3 Depths:4
Pandemonium: Depths:1 Depths:2
Ziggurat: Depths:2

Annotations:
D:2 Terence
Shoals:3 3 runed translucent doors
Spider:1 1 runed translucent door, quinnr's ghost, journeyman TeAE
Spider:4 3 runed translucent doors, Pesouf's ghost, adept MfHs
Elf:1 3 runed translucent doors, OTABOTABOTAB's ghost, adept DrCj; holysushi's ghost, journeyman MeHW
Elf:2 3 runed translucent doors
Crypt:2 3 runed translucent doors
Zot:2 36 runed doors


Innate Abilities, Weirdness & Mutations

You are a fearsome dragon!
You have a powerful clawing attack.
Your giant scaled body is strong and resiliant, but less evasive.
You can breathe fire.
You are flying.
Your maximum health is greatly increased.
Your armour is entirely melded.
You are incapable of wielding weapons or throwing items.
You are too large for most types of armour.
((You have claws for hands.))
Your natural rate of healing is unusually fast.
((You are covered in fur. (AC +1)))
((You have tough skin. (AC +1)))
You have supernaturally acute eyesight. (SInv)
You are agile. (Dex +4, Str/Int -1)
You are dopey. (Int -2)
You are frail. (-10% HP)
Your spells are easier to cast, but less powerful.


Message History

You see here a +1 scythe of freezing.
You maul the golden eye!!!!
You kill the golden eye!
The Council accepts your kill.
The golden eye blinks!
Your primal bloodlust is almost over.
The golden eye blinks at you. You resist with almost no effort.
The golden eye blinks at you. You resist with almost no effort.
You maul the golden eye!!!!
You kill the golden eye!
The Council accepts your kill.
You have mastered Fighting!
You need to enable at least one skill for training.
You roar as the wereblood boils in your veins!
Your primal bloodlust has ended.
A lorocyproca comes into view.
You see here a +1 scythe of freezing.
Things that are here:
a +0 antimagic demon whip; a +0 scythe of venom You lunge at the lorocyproca, in a flurry of attacks.
You maul the lorocyproca!!!!
You kill the lorocyproca!
The Council accepts your kill.
You feel yourself speed up.
That's the wrong kind of item! (Use * to select it.) Fire/use which item? (? for menu, Esc to quit)
You can't see any enemies this would affect, really read the scroll of silence?
Okay, then.
Aiming: Dig
Press: ? - help, Shift-Dir - straight line A rock wall.
This square is covered in magical glow.
The rock shatters into small pieces.
Your transformation is almost over.
There is a staircase leading out of the dungeon here.
You can't go down here!
Unknown command.
You have escaped!

### #D## #..## ###
##...###≈# #....#≈≈≈#
#####..~~≈≈≈≈##########
##≈≈≈~~~~~~≈...........#
#≈≈≈~~~≈~..###########.#
#≈≈##.......# #.# ##
#........## #.#


There were no monsters in sight!

Vanquished Creatures
  10 pandemonium lords
  2 dread liches (Vaults:5)
  5 ancient liches (Zot:5)
  3 orbs of fire (Zot:5)
  A juggernaut (Depths:3)
  Mennas (Crypt:1)
  3 Killer Klowns (Zot:5)
  3 curse toes
  Saint Roka (Depths:2)
  4 golden dragons
  Nikola (Spider:1)
  A profane servitor (D:3)
  Arachne (Spider:4)
  2 Brimstone Fiends
  2 doom hounds (Crypt:1)
  3 bone dragons
  3 electric golems
  4 Tzitzimimeh
  Rupert (D:13)
  3 Ice Fiends (D:1)
  2 Hell Sentinels (D:1)
  10 tentacled monstrosities
  Jorgrun (D:13)
  Asterion (Elf:3)
  Zenata (Crypt:1)
  7 liches
  8 titans
  2 deep elf master archers (Elf:3)
  47 Orb Guardians
  A walking crystal tome (Depths:3)
  6 quicksilver dragons
  2 walking frostbound tomes (Depths:3)
  4 death cobs
  2 deep elf blademasters (Elf:3)
  4 ancient champions
  Grunn (Crypt:1)
  3 Executioners
  7 sphinxes
  3 tengu reavers
  A shadow dragon (shapeshifter) (Elf:3)
  Kirke (D:13)
  13 storm dragons
  12 shadow dragons
  6 draconian monks
  Ilsuiw (Shoals:4)
  A demonspawn warmonger (D:1)
  5 revenants
  Roxanne (Shoals:2)
  A daeva (D:1)
  The ghost of Ceh Rif the Protected, an adept HuWn of Gozag (D:15)
  13 vault wardens
  4 draconian knights
  8 fire giants
  2 iron dragons
  6 frost giants
  4 deep elf sorcerers
  7 emperor scorpions (Spider:4)
  2 curse skulls (Crypt:3)
  A draconian shifter (Zot:5)
  Louise (Spider:1)
  4 draconian scorchers
  An angel (D:3)
  6 balrugs
  A juggernaut zombie (Crypt:2)
  6 ghost moths
  22 ironbound preservers
  4 orc warlords
  3 draconian stormcallers
  4 deep elf elementalists (Elf:3)
  6 cacodemons
  5 draconian annihilators
  22 very ugly things
  5 reapers
  6 broodmothers
  20 stone giants
  6 ghouls
  2 war gargoyles (Vaults:4)
  2 demonspawn corrupters (D:1)
  6 vampire knights
  A caustic shrike skeleton (Crypt:1)
  3 demonspawn black suns
  7 deep elf demonologists
  A demonspawn blood saint (D:1)
  4 black draconians
  4 purple draconians
  10 ironbound thunderhulks
  18 dire elephants
  10 green draconians
  7 deep elf annihilators
  7 red draconians
  10 lorocyprocas
  Azrael (Elf:1)
  A bunyip (shapeshifter) (Vaults:4)
  A spark wasp (shapeshifter) (Vaults:5)
  A dire elephant (shapeshifter) (Vaults:5)
  6 spark wasps
  7 yellow draconians
  5 white draconians
  2 crystal guardians (Vaults:4)
  Snorg (Lair:4)
  11 deep elf death magi
  8 eidola
  14 ettins
  A blizzard demon (D:3)
  3 deep elf high priests
  4 green deaths
  The ghost of Cezoat the Thaumaturge, a journeyman OpVM of Hepliaklqana (Orc:1)
  5 merfolk javelineers (Shoals:4)
  7 merfolk impalers (Shoals:4)
  7 jiangshi
  5 entropy weavers
  A spectral spriggan (Crypt:3)
  8 fire dragons
  6 great orbs of eyes
  17 yaktaur captains
  An entropy weaver (shapeshifter) (D:14)
  28 vault guards
  3 peacekeepers (Vaults:4)
  3 hell beasts
  A fenstrider witch zombie (Crypt:1)
  9 ice dragons
  2 spriggan air magi
  3 ogre magi (Vaults:5)
  5 rakshasas
  19 centaur warriors
  The ghost of porpoise the Cleaver, a journeyman FoFi of Qazlal (D:9)
  4 hydras
  4 ironbound frosthearts
  A jorogumo (Spider:4)
  Erica (D:9)
  3 merfolk avatars
  3 spriggan skeletons
  2 alligator snapping turtles (Shoals:4)
  2 radroaches
  2 satyrs
  A juggernaut simulacrum (Crypt:2)
  5 merfolk aquamancers
  2 death knights
  4 deep troll shamans
  2 fenstrider witch skeletons (Crypt:1)
  8 boulder beetles
  6 death yaks
  11 two-headed ogres
  A titan zombie (Depths:2)
  4 orc high priests
  5 deep troll earth magi
  A tengu warrior (D:13)
  A shock serpent (shapeshifter) (Vaults:5)
  6 hell hogs
  7 vampire magi
  19 dancing weapons
  A spectral naga (Crypt:3)
  A storm dragon zombie (Crypt:2)
  2 spriggan berserkers
  22 sun demons
  Urug (D:10)
  13 deep elf knights
  13 soul eaters
  A titan skeleton (Crypt:1)
  An iron troll (Depths:1)
  8 skeletal warriors
  A spectral bunyip (Crypt:3)
  19 shadow wraiths
  8 sixfirhies
  11 flayed ghosts
  7 pharaoh ants
  3 sun moths
  2 cherubim
  2 glowing orange brains
  A goliath frog (shapeshifter) (Vaults:5)
  11 sea snakes
  12 deep elf archers
  11 orb spiders
  A ghost moth zombie (Crypt:3)
  An anaconda zombie (Crypt:2)
  2 bunyip zombies
  3 bog bodies
  58 deep trolls
  22 lindwurms
  A swamp dragon (shapeshifter) (Vaults:5)
  A kraken simulacrum (Shoals:4)
  A bunyip skeleton (Crypt:1)
  4 wizards
  2 anaconda skeletons
  A spriggan simulacrum (Crypt:1)
  5 steelbarb worms
  7 shadow demons
  20 deep elf pyromancers
  26 phantasmal warriors
  17 ironbound convokers
  Pikel (D:5)
  19 harpies
  A shadow dragon zombie (Depths:2)
  17 orc knights
  12 necromancers
  36 ugly things
  A tengu skeleton (Crypt:2)
  33 deep elf zephyrmancers
  12 wolf spiders
  An oklob plant (Lair:4)
  4 orc sorcerers (Orc:2)
  6 fauns
  10 manticores
  An elephant (shapeshifter) (Vaults:5)
  22 elephants
  A salamander (shapeshifter) (Elf:1)
  6 cyclopes
  25 moths of wrath
  3 rust devils
  5 merfolk sirens
  4 black mambas
  16 vault sentinels
  3 water nymphs
  2 molten gargoyles (Lair:5)
  A stone giant skeleton (Crypt:3)
  2 toenail golems
  A dire elephant zombie (Crypt:3)
  Joseph (D:7)
  4 torpor snails
  10 cane toads
  5 smoke demons
  2 dire elephant skeletons (Crypt:1)
  9 orange demons
  A gargoyle (D:11)
  8 demonic crawlers
  9 centaur skeletons (D:13)
  4 rime drakes
  An elephant slug zombie (Crypt:1)
  A cane toad (shapeshifter) (D:14)
  An alligator snapping turtle skeleton (Crypt:1)
  11 komodo dragons
  An orb spider zombie (Crypt:1)
  An elf zombie (Vaults:1)
  5 hellions
  A kobold demonologist (D:12)
  13 freezing wraiths
  4 efreet
  A redback zombie (D:13)
  4 ice devils
  3 tengu conjurers
  A yaktaur (shapeshifter) (Elf:3)
  5 red devils
  34 yaktaurs
  3 tormentors
  A guardian mummy (Crypt:3)
  A green draconian skeleton (Crypt:1)
  A spectral harpy (Crypt:3)
  A hydra zombie (Crypt:3)
  A red draconian skeleton (Crypt:2)
  14 trolls
  8 hellwings
  9 meliai
  A yaktaur skeleton (Vaults:1)
  3 harpy zombies
  9 polar bears
  15 merfolk
  8 blink frogs
  15 snapping turtles
  27 tarantellas
  2 harpy skeletons
  A hornet (Vaults:5)
  A polar bear (shapeshifter) (Vaults:2)
  10 wind drakes
  A deep troll zombie (Vaults:4)
  An ettin zombie (Vaults:4)
  13 dream sheep
  52 slime creatures
  17 jumping spiders
  2 meliai zombies (D:13)
  18 flying skulls
  A centaur simulacrum (Crypt:1)
  2 small abominations (D:3)
  A ynoxinul (D:1)
  16 culicivoras
  8 wyverns
  50 yaks
  13 shadows
  2 air elementals
  3 chaos spawn
  A vampire (D:12)
  9 water elementals
  12 wraiths
  A dire elephant simulacrum (Crypt:1)
  13 golden eyes
  A slime creature zombie (Crypt:2)
  A human (shapeshifter) (D:15)
  8 basilisks
  8 fire elementals
  7 vampire mosquitoes
  3 hogs (D:13)
  65 redbacks
  A redback (shapeshifter) (Depths:2)
  6 neqoxecs
  6 wargs
  4 steam dragons
  A harpy simulacrum (Crypt:1)
  4 acid dragons
  8 large abominations
  13 water moccasins
  2 glowing shapeshifter zombies
  A glowing shapeshifter skeleton (Crypt:3)
  A naga skeleton (Crypt:1)
  4 naga zombies
  23 hell hounds
  2 ettin simulacra
  53 orc warriors
  A black bear (D:5)
  2 ice beasts
  2 sky beasts
  A swamp dragon zombie (Crypt:1)
  A blink frog zombie (Crypt:1)
  A hornet zombie (D:13)
  13 ogres
  A black mamba simulacrum (Crypt:1)
  30 centaurs
  11 wolves
  A lemure (D:5)
  A blink frog skeleton (Crypt:1)
  2 phantoms
  7 kobold brigands
  Blork the orc (D:5)
  2 gnoll sergeants
  8 bullfrogs
  3 earth elementals
  A glowing shapeshifter simulacrum (Vaults:4)
  7 necrophages
  A wyvern zombie (D:7)
  2 scorpions
  A water moccasin zombie (D:7)
  18 wights
  10 killer bees
  An electric eel (D:13)
  3 howler monkeys
  The ghost of bande the Trooper, a weakling GrFi (D:3)
  4 centaur zombies
  9 lava snakes
  2 wolf skeletons
  A bullfrog zombie (D:7)
  2 jellies
  31 orc priests
  A hound (D:5)
  A human zombie (D:7)
  A gnoll bouda (D:9)
  2 iguanas
  An iron imp (D:3)
  22 orc wizards
  A scorpion zombie (Crypt:2)
  Natasha (thrice) (D:2)
  A boggart skeleton (D:13)
  A deep dwarf zombie (Crypt:3)
  A tengu zombie (Crypt:3)
  14 mummies
  A howler monkey zombie (D:7)
  13 gnolls
  8 adders
  5 ufetubi
  A jelly zombie (Crypt:1)
  A lava snake skeleton (Crypt:1)
  2 worms
  2 dart slugs
  131 orcs
  7 ball pythons
  7 endoplasms
  3 giant cockroaches
  6 goblins
  4 hobgoblins (D:2)
  5 jackals
  26 kobolds
  4 quokkas
  4 bats
  4 frilled lizards
  A hobgoblin zombie (Crypt:3)
  2 jackal skeletons
  6 rats
2544 creatures vanquished.

Vanquished Creatures (others)
  A lich (Depths:4)
  An Executioner (D:3)
  A culicivora (Spider:4)
  A human (D:13)
  A bush (Lair:5)
  11 fungi
  28 plants
  8 toadstools (Lair:1)
  18 withered plants
70 creatures vanquished.

Grand Total: 2614 creatures vanquished

Notes
Turn   | Place    | Note
-------+----------+-------------------------------------------
     0 | D:1      | bakla the Troll Air Elementalist began the quest for the
                  | Orb.
     0 | D:1      | Reached XP level 1. HP: 16/16 MP: 1/1
   273 | D:1      | Reached skill level 1 in Unarmed Combat
   391 | D:1      | Reached XP level 2. HP: 26/26 MP: 2/2
   834 | D:2      | Noticed Natasha
   845 | D:2      | Killed Natasha
   846 | D:2      | Reached skill level 1 in Fighting
   846 | D:2      | Reached XP level 3. HP: 29/33 MP: 3/3
   872 | D:2      | Noticed Terence
   987 | D:2      | Noticed Natasha
  1003 | D:2      | Killed Natasha
  1004 | D:2      | Reached XP level 4. HP: 25/41 MP: 4/4
  1130 | D:2      | Noticed Natasha
  1139 | D:2      | Killed Natasha
  1782 | D:3      | Reached skill level 2 in Fighting
  1858 | D:3      | Found Toemudao's Jewellery Emporium.
  1914 | D:3      | Found an ancient bone altar of Kikubaaqudgha.
  1932 | D:3      | Reached XP level 5. HP: 47/49 MP: 5/5
  1987 | D:3      | You fall into a shaft and drop 3 floors!
  1988 | D:6      | Noticed a centaur
  2070 | D:5      | Entered Level 5 of the Dungeon
  2196 | D:5      | Noticed a phantom
  2268 | D:5      | Noticed a centaur
  2293 | D:5      | Killed a phantom
  2307 | D:5      | Killed a centaur
  2308 | D:5      | Reached skill level 5 in Unarmed Combat
  2308 | D:5      | Reached XP level 6. HP: 9/59 MP: 6/6
  2466 | D:4      | Found a bloodstained altar of Trog.
  2485 | D:4      | Reached skill level 3 in Fighting
  2619 | D:4      | Identified a scroll of acquirement
  2660 | D:4      | Reached XP level 7. HP: 65/67 MP: 0/7
  2728 | D:4      | Found a snail-covered altar of Cheibriados.
  3253 | D:5      | Found a stormy altar of Qazlal.
  3490 | D:5      | Noticed Pikel
  3496 | D:5      | Killed Pikel
  3497 | D:5      | Reached skill level 4 in Fighting
  3497 | D:5      | Reached XP level 8. HP: 60/79 MP: 2/8
  3679 | D:5      | Noticed Blork the orc
  3693 | D:5      | Killed Blork the orc
  3747 | D:5      | Reached skill level 5 in Fighting
  3977 | D:5      | Identified the +0 ring mail of Vehumet's Wrath {Will+ Str+3
                  | Int+3}
  4154 | D:6      | Learned a level 5 spell: Blade Hands
  4383 | D:6      | Found a shimmering altar of Xom.
  4409 | D:6      | Found a hide-covered altar of Uskayaw.
  4470 | D:6      | Reached XP level 9. HP: 60/88 MP: 4/9
  4528 | D:6      | Found a staircase to the Ecumenical Temple.
  4537 | Temple   | Entered the Ecumenical Temple
  4620 | Temple   | Became a worshipper of the Wu Jian Council
  4694 | D:6      | Found a blossoming altar of Fedhas.
  4711 | D:6      | Reached skill level 10 in Unarmed Combat
  4717 | D:6      | Found a broken altar of Ashenzari.
  4744 | D:6      | Found a hazy altar of Hepliaklqana.
  5137 | D:7      | Reached skill level 6 in Fighting
  5281 | D:7      | Noticed Joseph
  5289 | D:7      | Killed Joseph
  5397 | D:7      | Reached * piety under Wu Jian
  5805 | D:7      | Found a basalt altar of Yredelemnul.
  5846 | D:7      | Reached XP level 10. HP: 100/100 MP: 10/10
  5999 | D:7      | Found a sacrificial altar of Ru.
  6053 | D:7      | Reached skill level 7 in Fighting
  6226 | D:8      | Found Bure's Assorted Antiques.
  6436 | D:8      | Reached ** piety under Wu Jian
  6442 | D:8      | Acquired a ring of poison resistance
  6462 | D:8      | Found Gozag's Platinum Reserve.
  6475 | D:8      | Found an opulent altar of Gozag.
  6505 | D:8      | Found a flagged portal.
  6523 | Bailey   | Entered a bailey
  6524 | Bailey   | Acquired 607 gold pieces
  7273 | Bailey   | Reached skill level 8 in Fighting
  7398 | Bailey   | Reached *** piety under Wu Jian
  7487 | Bailey   | Identified the +1 executioner's axe "Sihujupu" {heavy,
                  | rElec rPois Str+2}
  7932 | D:8      | Reached XP level 11. HP: 108/111 MP: 11/11
  8216 | D:9      | Found a radiant altar of Vehumet.
  8282 | D:9      | Found a staircase to the Lair.
  8666 | D:8      | Reached **** piety under Wu Jian
  8864 | D:9      | Noticed Erica
  8870 | D:9      | Killed Erica
  8972 | D:9      | Found a runed translucent door.
  8973 | D:9      | Noticed porpoise's ghost (journeyman FoFi)
  9242 | D:9      | Found an iron altar of Okawaru.
  9352 | D:10     | Entered Level 10 of the Dungeon
  9406 | D:10     | Reached skill level 9 in Fighting
  9513 | D:10     | Reached skill level 15 in Unarmed Combat
  9709 | D:10     | Noticed Urug
  9789 | Lair:1   | Entered Level 1 of the Lair of Beasts
  9989 | Lair:1   | You fall into a shaft and drop 1 floor!
 10007 | Lair:2   | Reached XP level 12. HP: 94/124 MP: 12/12
 10189 | Lair:1   | Reached skill level 10 in Fighting
 10407 | Lair:1   | Noticed a dire elephant
 10427 | Lair:1   | Found a runed translucent door.
 10585 | Lair:2   | Reached skill level 1 in Transmutations
 10597 | Lair:2   | Noticed a death yak
 10599 | Lair:2   | Noticed a death yak
 10627 | Lair:2   | Killed a death yak
 10660 | Lair:2   | Noticed a death yak
 10685 | Lair:2   | Killed a death yak
 10747 | Lair:1   | Killed a death yak
 11213 | Lair:2   | Reached skill level 5 in Transmutations
 11251 | Lair:2   | Found a staircase to the Shoals.
 12010 | Lair:3   | Found a hole to the Spider Nest.
 12738 | Lair:4   | Reached XP level 13. HP: 130/133 MP: 8/13
 13059 | Lair:4   | Noticed Snorg
 13064 | Lair:4   | Killed Snorg
 13893 | Lair:5   | Entered Level 5 of the Lair of Beasts
 13912 | Lair:5   | Found a gate leading to a gauntlet.
 13983 | Gauntlet | Entered a Gauntlet
 13983 | Gauntlet | Found a transporter.
 13983 | Gauntlet | Found a transporter.
 13983 | Gauntlet | Found a transporter.
 13984 | Gauntlet | Found a transporter.
 13995 | Gauntlet | Found a transporter.
 13997 | Gauntlet | Found a transporter.
 14008 | Gauntlet | Found a transporter.
 14013 | Gauntlet | Found a transporter.
 14016 | Gauntlet | Found a transporter.
 14034 | Gauntlet | Found a transporter.
 14039 | Gauntlet | Found a transporter.
 14042 | Gauntlet | Found a transporter.
 14334 | Gauntlet | Noticed a minotaur
 14339 | Gauntlet | Identified the +0 whip of the Crypt {chaos, Int+5}
 14862 | Lair:5   | Reached ***** piety under Wu Jian
 14897 | Lair:5   | Reached skill level 10 in Transmutations
 15146 | Lair:5   | Found a staircase to the Slime Pits.
 15709 | Lair:5   | Reached XP level 14. HP: 114/143 MP: 6/19
 15926 | Lair:5   | Found a large runed translucent door.
 15926 | Lair:5   | Found a large runed translucent door.
 16594 | D:9      | Upgraded the game from 0.30-a0-634-g8abc85282e to
                  | 0.30-a0-639-g3916f1956a
 16778 | D:10     | Found a sparkling altar of Nemelex Xobeh.
 16882 | D:10     | Found a glowing silver altar of Zin.
 17090 | D:11     | Found a staircase to the Orcish Mines.
 18885 | D:13     | Noticed Rupert
 18894 | D:13     | Paralysed by Rupert for 3 turns
 18897 | D:13     | Killed Rupert
 18966 | D:13     | Noticed Jorgrun
 18976 | D:13     | Killed Jorgrun
 19189 | D:13     | Reached ****** piety under Wu Jian
 19226 | D:13     | Found the +9 sword of Zonguldrok {reap}
 19226 | D:13     | Noticed a bone dragon
 19234 | D:13     | Killed a bone dragon
 19621 | D:13     | Noticed Kirke
 19638 | D:13     | Killed Kirke
 19647 | D:13     | Reached XP level 15. HP: 96/149 MP: 18/20
 20749 | D:15     | Entered Level 15 of the Dungeon
 20990 | D:15     | Found a staircase to the Depths.
 21365 | D:15     | Found a runed translucent door.
 21365 | D:15     | Noticed Ceh Rif's ghost (adept HuWn)
 22079 | Lair:1   | Learned a level 2 spell: Wereblood
 22280 | Orc:1    | Entered Level 1 of the Orcish Mines
 22547 | Orc:1    | Found a runed translucent door.
 22547 | Orc:1    | Noticed Cezoat's ghost (journeyman OpVM)
 22563 | Orc:1    | Killed Cezoat's ghost
 22647 | Orc:1    | Found Vikanonn's Weapon Boutique.
 22880 | Orc:2    | Entered Level 2 of the Orcish Mines
 23200 | Orc:2    | Found a staircase to the Elven Halls.
 23343 | Orc:2    | Found Wobleumunt's Assorted Antiques.
 23343 | Orc:2    | Found Dibruh's Weapon Boutique.
 23344 | Orc:2    | Found Adimoc's Book Emporium.
 23344 | Orc:2    | Found Diuwk's Antique Armour Emporium.
 23415 | Orc:2    | Bought a glowing hat for 161 gold pieces
 23428 | Orc:2    | Bought a manual of Unarmed Combat for 960 gold pieces
 23430 | Orc:2    | Bought an opal ring for 160 gold pieces
 23430 | Orc:2    | Bought a wand of roots (5) for 384 gold pieces
 23430 | Orc:2    | Bought a potion of heal wounds for 160 gold pieces
 23430 | Orc:2    | Bought a potion of curing for 96 gold pieces
 23430 | Orc:2    | Bought a scroll of identify for 64 gold pieces
 23430 | Orc:2    | Bought a potion of curing for 96 gold pieces
 23794 | Spider:1 | Entered Level 1 of the Spider Nest
 24266 | Spider:1 | Found a runed translucent door.
 24266 | Spider:1 | Noticed quinnr's ghost (journeyman TeAE)
 24287 | Spider:1 | Reached XP level 16. HP: 77/158 MP: 13/21
 24372 | Spider:1 | Found the +8 lance "Wyrmbane" {slay drac, rPois rF+ rC+
                  | AC+3}
 24379 | Spider:1 | Noticed Louise
 24405 | Spider:1 | Killed Louise
 24457 | Spider:1 | Noticed Nikola
 24494 | Spider:1 | Killed Nikola
 28691 | Spider:4 | Entered Level 4 of the Spider Nest
 29262 | Spider:4 | Reached XP level 17. HP: 156/166 MP: 15/22
 30208 | Spider:4 | Found a runed translucent gate.
 30209 | Spider:4 | Found a runed translucent gate.
 30211 | Spider:4 | Found a runed translucent gate.
 30213 | Spider:4 | Noticed Pesouf's ghost (adept MfHs)
 30465 | Spider:4 | Noticed Arachne
 30474 | Spider:4 | Killed Arachne
 31251 | Spider:4 | Got a gossamer rune of Zot
 31671 | Shoals:1 | Entered Level 1 of the Shoals
 32595 | Shoals:2 | Noticed Roxanne
 32648 | Shoals:2 | Killed Roxanne
 32678 | Shoals:2 | Reached skill level 5 in Dodging
 32883 | Shoals:2 | Found Ythowank's Weapon Shoppe.
 33408 | Shoals:2 | Found an opulent altar of Gozag.
 33853 | Shoals:3 | Found Asouhyl's Weapon Shoppe.
 34149 | Shoals:3 | Found a runed translucent gate.
 34157 | Shoals:3 | Found a runed translucent gate.
 34158 | Shoals:3 | Found a runed translucent gate.
 34454 | Shoals:3 | Learned a level 6 spell: Statue Form
 34472 | Shoals:4 | Entered Level 4 of the Shoals
 34479 | Shoals:4 | Reached XP level 18. HP: 163/174 MP: 15/23
 34895 | Shoals:4 | Noticed Ilsuiw
 35105 | Shoals:4 | Killed Ilsuiw
 35363 | Shoals:4 | Got a barnacled rune of Zot
 35533 | Shoals:4 | Reached skill level 10 in Dodging
 35674 | Shoals:4 | Identified the +10 great mace of Yredelemnul's Hatred
                  | {chaos, Dex+2}
 35783 | Shoals:4 | Reached skill level 1 in Armour
 36095 | Shoals:4 | Identified the +2 chain mail "Qivuega" {*Corrode rElec
                  | rC+++ Dex-2}
 36726 | D:10     | Killed Urug
 36862 | Elf:1    | Entered Level 1 of the Elven Halls
 37078 | Elf:1    | Reached skill level 1 in Earth Magic
 37244 | Elf:1    | Identified the ring of the Empire {*Corrode Will+++ SInv}
 37344 | Elf:1    | Found a runed translucent gate.
 37344 | Elf:1    | Found a runed translucent gate.
 37345 | Elf:1    | Found a runed translucent gate.
 37354 | Elf:1    | Noticed holysushi's ghost (journeyman MeHW)
 37354 | Elf:1    | Noticed OTABOTABOTAB's ghost (adept DrCj)
 37385 | Elf:1    | Paralysed by an air elemental for 1 turns
 37549 | Elf:1    | Found Xyts's Jewellery Shoppe.
 37549 | Elf:1    | Found Niux's Antique Armour Emporium.
 37554 | Elf:1    | Found Nopluz Colui's Jewellery Shoppe.
 37564 | Elf:1    | Bought a heavily jewelled robe for 182 gold pieces
 37564 | Elf:1    | Identified the +2 robe of Filth {Int+3} (You bought it in a
                  | shop on level 1 of the Elven Halls)
 37663 | Elf:1    | Noticed Azrael
 37692 | Elf:1    | Killed Azrael
 37819 | Elf:1    | Found Ycubewus's Armour Emporium.
 37832 | Elf:1    | Bought the +0 cloak "Koavefra" {rElec rF+ Regen+ Str-3} for
                  | 384 gold pieces
 38147 | Elf:2    | Learned a level 1 spell: Beastly Appendage
 38314 | Elf:2    | Reached skill level 5 in Armour
 38487 | Elf:2    | Found a runed translucent gate.
 38488 | Elf:2    | Found a runed translucent gate.
 38488 | Elf:2    | Found a runed translucent gate.
 38776 | Elf:3    | Entered Level 3 of the Elven Halls
 39100 | Elf:3    | Noticed Asterion
 39234 | Elf:3    | Killed Asterion
 39551 | Elf:3    | Reached XP level 19. HP: 86/182 MP: 21/24
 39554 | Elf:3    | Identified the +8 great sword of the Hidden Vale {flame,
                  | Dex+3}
 39562 | Elf:3    | Identified the +11 war axe "Plog" {heavy, Str-2 Dex+6}
 39564 | Elf:3    | Identified the ring "Qan Quy" {Contam rF+ Str+2 Dex+6}
 39580 | Elf:3    | Identified the ring of Light {Ice Contam rCorr Dex+2}
 39608 | Elf:3    | Identified the +5 falchion of Dissatisfaction {flame, rC+}
 39619 | Elf:3    | Reached skill level 10 in Armour
 39773 | Elf:3    | Got Sif Muna's Octavo of Pyromania
 40154 | Elf:3    | Reached skill level 11 in Fighting
 40564 | D:14     | Found a gate to the Vaults.
 40648 | D:14     | Found Soonaigg's Book Boutique.
 40657 | D:14     | Bought a book of Transfigurations for 520 gold pieces
 40665 | D:14     | Learned a level 7 spell: Dragon Form
 41137 | Vaults:1 | Entered Level 1 of the Vaults
 41852 | Vaults:1 | Gained mutation: You are partially covered in iridescent
                  | scales. (AC +2) [mutagenic glow]
 41993 | Vaults:1 | Found Viaphar's Armour Shoppe.
 42991 | Vaults:1 | Reached XP level 20. HP: 192/196 MP: 25/25
 44079 | Vaults:2 | Found a staircase to the Crypt.
 44632 | Vaults:2 | Got the Folio of the Snowflakes and Transmogrification
 44990 | D:15     | Killed Ceh Rif's ghost
 46803 | Vaults:4 | Reached skill level 15 in Transmutations
 47080 | Vaults:4 | Reached XP level 21. HP: 187/204 MP: 23/26
 47776 | Vaults:4 | Got Notuti's Papyrus of the Reshaped Escort
 48361 | Crypt:1  | Entered Level 1 of the Crypt
 48457 | Crypt:1  | Noticed Mennas
 48463 | Crypt:1  | Killed Mennas
 48579 | Crypt:1  | Noticed Zenata
 48593 | Crypt:1  | Killed Zenata
 48594 | Crypt:1  | Paralysed by something for 4 turns
 48930 | Crypt:1  | Noticed Grunn
 48936 | Crypt:1  | Killed Grunn
 50108 | Crypt:2  | Reached XP level 22. HP: 211/211 MP: 18/27
 50358 | Crypt:2  | Found a runed translucent gate.
 50358 | Crypt:2  | Found a runed translucent gate.
 50358 | Crypt:2  | Found a runed translucent gate.
 50594 | Crypt:3  | Entered Level 3 of the Crypt
 51155 | Crypt:3  | Found a basalt altar of Yredelemnul.
 51426 | Crypt:3  | Reached skill level 12 in Fighting
 51681 | Crypt:3  | Identified the ring of the Real Monster {rElec rCorr MP+9
                  | Int+5 Stlth-}
 51688 | Crypt:3  | Identified the +6 flail "Poggoiru" {flame, rF++ rC- rCorr
                  | Int+2}
 52044 | Crypt:3  | Found a staircase to the Tomb.
 52616 | Vaults:5 | Entered Level 5 of the Vaults
 52630 | Vaults:5 | Reached skill level 13 in Fighting
 52691 | Vaults:5 | Noticed a dread lich
 52693 | Vaults:5 | Reached skill level 14 in Fighting
 52697 | Vaults:5 | Killed a dread lich
 52699 | Vaults:5 | Reached XP level 23. HP: 231/231 MP: 26/28
 52760 | Vaults:5 | Reached skill level 15 in Fighting
 52792 | Vaults:5 | Noticed a dread lich
 52801 | Vaults:5 | Killed a dread lich
 53195 | Vaults:5 | Identified the +1 robe of Summer {SInv}
 53195 | Vaults:5 | Identified the ring "Buczioradd" {MP+9 Int+5}
 53315 | Vaults:5 | Reached skill level 16 in Fighting
 53669 | Vaults:5 | Identified the +2 pair of boots "Eshet" {SInv}
 53937 | Vaults:5 | Identified the +7 glaive of Incongruity {heavy, *Corrode
                  | Int+3 Dex+3}
 53949 | Vaults:5 | Got Muohorph's Secrets of Sweltering Amathomancy
 54106 | Vaults:5 | Found the +0 staff of Battle
 54116 | Vaults:5 | Got a silver rune of Zot
 54139 | Vaults:5 | Identified the +1 war axe of Mourning {vamp, Dex+2}
 54552 | Depths:1 | Entered Level 1 of the Depths
 54560 | Depths:1 | Found a gateway to Hell.
 54706 | Depths:1 | Reached skill level 17 in Fighting
 54738 | Depths:1 | Learned a level 4 spell: Manifold Assault
 54867 | Depths:1 | Found a one-way gate leading to the halls of Pandemonium.
 54887 | Depths:1 | You fall into a shaft and drop 1 floor!
 55023 | Depths:2 | Found a one-way gateway to a ziggurat.
 55373 | Depths:2 | Noticed Saint Roka
 55379 | Depths:2 | Killed Saint Roka
 55384 | Depths:2 | Reached skill level 18 in Fighting
 55626 | Depths:3 | Reached XP level 24. HP: 256/256 MP: 20/28
 55675 | Depths:3 | Noticed a juggernaut
 55679 | Depths:3 | Killed a juggernaut
 55814 | Depths:3 | Found the +8 mithril axe "Arga" {speed, Will+}
 55823 | Depths:3 | Reached skill level 19 in Fighting
 56122 | Depths:3 | Found a gateway to a bazaar.
 56138 | Bazaar   | Entered a bazaar
 56138 | Bazaar   | Found Bissayca's Distillery.
 56138 | Bazaar   | Found Amevvimm's General Store.
 56138 | Bazaar   | Found Ynymmo's Jewellery Emporium.
 56138 | Bazaar   | Found Ettyw's Jewellery Shoppe.
 56146 | Bazaar   | Bought a potion of mutation for 112 gold pieces
 56146 | Bazaar   | Bought a potion of mutation for 112 gold pieces
 56146 | Bazaar   | Bought a potion of curing for 42 gold pieces
 56148 | Bazaar   | Bought a potion of resistance for 140 gold pieces
 56242 | Depths:3 | Found a white marble altar of Elyvilon.
 56243 | Depths:3 | Found a glowing silver altar of Zin.
 56245 | Depths:3 | Found a glowing golden altar of the Shining One.
 56835 | Depths:3 | Found a one-way gate to the infinite horrors of the Abyss.
 57220 | Depths:4 | Entered Level 4 of the Depths
 57528 | Depths:4 | Found a gate to the Realm of Zot.
 57654 | Depths:4 | Reached skill level 20 in Fighting
 58076 | Zot:1    | Entered Level 1 of the Realm of Zot
 59174 | Zot:2    | Found a huge runed gate.
 59174 | Zot:2    | Found a huge runed gate.
 59174 | Zot:2    | Found a huge runed gate.
 59175 | Zot:2    | Found a huge runed gate.
 59175 | Zot:2    | Found a huge runed gate.
 59175 | Zot:2    | Found a huge runed gate.
 59175 | Zot:2    | Found a huge runed gate.
 59176 | Zot:2    | Found a huge runed gate.
 59176 | Zot:2    | Found a huge runed gate.
 59176 | Zot:2    | Found a huge runed gate.
 59191 | Zot:2    | Found a huge runed gate.
 59191 | Zot:2    | Found a huge runed gate.
 59191 | Zot:2    | Found a huge runed gate.
 59191 | Zot:2    | Found a huge runed gate.
 59191 | Zot:2    | Found a huge runed gate.
 59192 | Zot:2    | Found a huge runed gate.
 59193 | Zot:2    | Found a huge runed gate.
 59194 | Zot:2    | Found a huge runed gate.
 59195 | Zot:2    | Found a huge runed gate.
 59203 | Zot:2    | Found a huge runed gate.
 59203 | Zot:2    | Found a huge runed gate.
 59203 | Zot:2    | Found a huge runed gate.
 59203 | Zot:2    | Found a huge runed gate.
 59203 | Zot:2    | Found a huge runed gate.
 59204 | Zot:2    | Found a huge runed gate.
 59206 | Zot:2    | Found a huge runed gate.
 59207 | Zot:2    | Found a huge runed gate.
 59208 | Zot:2    | Found a huge runed gate.
 59216 | Zot:2    | Found a huge runed gate.
 59216 | Zot:2    | Found a huge runed gate.
 59216 | Zot:2    | Found a huge runed gate.
 59216 | Zot:2    | Found a huge runed gate.
 59216 | Zot:2    | Found a huge runed gate.
 59217 | Zot:2    | Found a huge runed gate.
 59218 | Zot:2    | Found a huge runed gate.
 59219 | Zot:2    | Found a huge runed gate.
 59509 | Zot:3    | Reached skill level 21 in Fighting
 59768 | Zot:3    | Reached XP level 25. HP: 278/278 MP: 28/28
 61003 | Zot:5    | Entered Level 5 of the Realm of Zot
 61023 | Zot:5    | Reached skill level 22 in Fighting
 61532 | Zot:5    | Noticed an orb of fire
 61532 | Zot:5    | Noticed an orb of fire
 61534 | Zot:5    | Killed an orb of fire
 61534 | Zot:5    | Gained mutation: You have a beak for a mouth. [an orb of
                  | fire]
 61535 | Zot:5    | Noticed a Killer Klown
 61535 | Zot:5    | Noticed an orb of fire
 61535 | Zot:5    | Killed an orb of fire
 61539 | Zot:5    | Killed a Killer Klown
 61544 | Zot:5    | Gained mutation: Your body sometimes deteriorates upon
                  | taking damage. [an orb of fire]
 61544 | Zot:5    | Gained mutation: You are frail. (-10% HP) [an orb of fire]
 61548 | Zot:5    | Killed an orb of fire
 61550 | Zot:5    | Noticed an ancient lich
 61552 | Zot:5    | Killed an ancient lich
 61554 | Zot:5    | Noticed an ancient lich
 61555 | Zot:5    | Killed an ancient lich
 61556 | Zot:5    | Reached skill level 23 in Fighting
 61559 | Zot:5    | Noticed an ancient lich
 61561 | Zot:5    | Killed an ancient lich
 61561 | Zot:5    | Noticed an ancient lich
 61564 | Zot:5    | Killed an ancient lich
 61566 | Zot:5    | Noticed an ancient lich
 61568 | Zot:5    | Noticed a Killer Klown
 61569 | Zot:5    | Killed an ancient lich
 61571 | Zot:5    | Killed a Killer Klown
 61645 | Zot:5    | Noticed a Killer Klown
 61648 | Zot:5    | Killed a Killer Klown
 61658 | Zot:5    | Reached skill level 24 in Fighting
 61658 | Zot:5    | Reached XP level 26. HP: 270/270 MP: 28/28
 61967 | Zot:5    | Got the Orb of Zot
 62049 | Zot:4    | Noticed Qofek the pandemonium lord
 62053 | Zot:4    | Killed Qofek the pandemonium lord
 62085 | Zot:3    | Lost mutation: You are partially covered in iridescent
                  | scales. (AC +2) [potion of mutation]
 62085 | Zot:3    | Lost mutation: You have a beak for a mouth. [potion of
                  | mutation]
 62085 | Zot:3    | Lost mutation: You are frail. (-10% HP) [potion of
                  | mutation]
 62085 | Zot:3    | Gained mutation: Your spells are a little easier to cast,
                  | but a little less powerful. [potion of mutation]
 62085 | Zot:3    | Gained mutation: You are agile. (Dex +4, Str/Int -1)
                  | [potion of mutation]
 62085 | Zot:3    | Gained mutation: You are robust. (+10% HP) [potion of
                  | mutation]
 62279 | Depths:3 | Noticed Xodu the pandemonium lord
 62285 | Depths:3 | Killed Xodu the pandemonium lord
 62585 | D:9      | Killed porpoise's ghost
 63115 | D:3      | Noticed Erasa the pandemonium lord
 63121 | D:3      | Killed Erasa the pandemonium lord
 63150 | D:3      | Reached skill level 25 in Fighting
 63281 | D:3      | Noticed Lapsesch the pandemonium lord
 63287 | D:3      | Killed Lapsesch the pandemonium lord
 63510 | D:3      | Found a transporter.
 63517 | D:3      | Noticed bande's ghost (weakling GrFi)
 63544 | D:3      | Found a transporter.
 63584 | D:3      | Noticed Jauvy the pandemonium lord
 63588 | D:3      | Killed bande's ghost
 63593 | D:3      | Killed Jauvy the pandemonium lord
 63611 | D:3      | Identified the ring "Oxa Aneisita" {Fire Int+4 SInv}
 63657 | D:3      | Noticed Ybakho the pandemonium lord
 63812 | D:1      | Noticed Qeth the pandemonium lord
 63819 | D:1      | Killed Qeth the pandemonium lord
 63892 | D:1      | Noticed Sam Woxe the pandemonium lord
 63901 | D:1      | Killed Sam Woxe the pandemonium lord
 63901 | D:1      | Gained mutation: You have hidden genetic defects. [a
                  | neqoxec]
 63902 | D:1      | Gained mutation: Armour fits poorly on your strangely
                  | shaped body. [a neqoxec]
 64096 | D:1      | Gained mutation: Your spells are easier to cast, but less
                  | powerful. [a cacodemon]
 64172 | D:1      | Reached skill level 26 in Fighting
 64483 | D:1      | Gained mutation: You are weak. (Str -2) [a neqoxec]
 64489 | D:1      | Lost mutation: You are weak. (Str -2) [potion of mutation]
 64489 | D:1      | Lost mutation: You are agile. (Dex +4, Str/Int -1) [potion
                  | of mutation]
 64490 | D:1      | Lost mutation: Your body sometimes deteriorates upon taking
                  | damage. [potion of mutation]
 64490 | D:1      | Lost mutation: Armour fits poorly on your strangely shaped
                  | body. [potion of mutation]
 64490 | D:1      | Lost mutation: You are robust. (+10% HP) [potion of
                  | mutation]
 64490 | D:1      | Gained mutation: You are agile. (Dex +4, Str/Int -1)
                  | [potion of mutation]
 64490 | D:1      | Gained mutation: You have supernaturally acute eyesight.
                  | (SInv) [potion of mutation]
 64643 | D:1      | Noticed Taampemu the pandemonium lord
 64649 | D:1      | Killed Taampemu the pandemonium lord
 64760 | D:1      | Gained mutation: You are dopey. (Int -2) [hidden defects]
 64981 | D:1      | Reached XP level 27. HP: 103/319 MP: 28/28
 65219 | D:1      | Noticed Enewk the pandemonium lord
 65219 | D:1      | Killed Enewk the pandemonium lord
 65252 | D:1      | Noticed Naifarux the pandemonium lord
 65256 | D:1      | Killed Naifarux the pandemonium lord
 65488 | D:1      | Gained mutation: You are frail. (-10% HP) [hidden defects]
 65488 | D:1      | Lost mutation: You have hidden genetic defects. [hidden
                  | defects expressed]
 65515 | D:1      | Reached skill level 27 in Fighting
 65553 | D:$      | Escaped with the Orb!

Illustrated notes

Levels and vault maps discovered:
D:1:      eino_arrival_cavern_b, layout_basic, kennysheep_decorative_pillar
D:2:      layout_loops_corners, uniq_terence, uniq_natasha
D:3:      layout_basic, mainiacjoe_overflow_cross_hatched,
          gammafunk_ghost_gnarly_gnolls, serial_shops, nicolae_shop_trees,
          eino_tiny_chamber
D:4:      layout_loops_ring, mainiacjoe_overflow_small_starburst,
          lemuel_doored_altar, minmay_misc_feat_square
D:5:      layout_basic, grunt_qazlal_sundering, uniq_pikel, uniq_blork_the_orc
D:6:      wad_crossroads, layout_basic, old_standard_altar, xom_teletrap_fun,
          grunt_temple_overflow_open, minmay_temple_entry_water_ring
D:7:      layout_basic, mainiacjoe_overflow_alcove_1,
          lemuel_mausoleum_altar_yredelemnul, uniq_joseph
D:8:      layout_basic, nicolae_gozag_zags_fifth_avenue, enter_bailey_5,
          serial_shops, nicolae_shop_window_shopping
D:9:      layout_rooms, okawaru_metal_pillars_3, fiery_altar_vehumet,
          lair_entry_dummy, ebering_ghost_reflecting_pool, hex_intersection,
          uniq_erica
D:10:     layout_irregular_city, nemelex_altar_shiori, kennysheep_mini_moat,
          uniq_urug
D:11:     layout_basic, david_orc_5
D:12:     layout_basic, kennysheep_flooded_box
D:13:     layout_gridville, special_room [special_room_orc], fountainhead,
          minmay_guarded_unrand_zonguldrok, uniq_rupert, uniq_kirke,
          uniq_jorgrun
D:14:     layout_basic, david_vaults_1, serial_shops, nicolae_shop_crystal,
          hangedman_abyss_or_decor_stagger
D:15:     grunt_enter_depths_giant_problem, layout_loops_ring,
          minmay_hedge_maze, gammafunk_ghost_grave
Temple:   nicolae_temple_bog_church
Lair:1:   gammafunk_lair_enchanted_lake, layout_cave_shapes, grunt_megastairs_3
Lair:2:   layout_long_grid, shoals_dummy_entry
Lair:3:   layout_regular_city, spider_nest_entry_rubble
Lair:4:   layout_small_grid, serial_bayou, serial_bayou_lake_a,
          serial_bayou_pond_a, serial_bayou_shore_a, serial_bayou_pond_d,
          uniq_snorg
Lair:5:   cheibrodos_lair_end_hotspot, layout_misc_corridors, slime_entry_1,
          gauntlet_entry_generic, cheibrodos_lair_lostbears
Shoals:1: layout_shoals
Shoals:2: layout_shoals, serial_shops, shop, lemuel_centaur_altar, uniq_roxanne
Shoals:3: nicolae_shoals_deep_elves_summer_vacation, layout_shoals,
          serial_shops, shop, nicolae_shoals_beach_cooler
Shoals:4: shoals_end_grunt_ice, layout_shoals, shoals_ilsuiw_ice
Spider:1: layout_spider_delve, gammafunk_ghost_grave, drop_trap, uniq_louise,
          uniq_nikola
Spider:2: nicolae_spider_hilbert_zone_3 [nicolae_spider_hilbert_4_sides_2_open,
          nicolae_spider_hilbert_3_sides_1_open,
          nicolae_spider_hilbert_3_sides_1_open,
          nicolae_spider_hilbert_3_sides_1_open,
          nicolae_spider_hilbert_3_sides_1_open,
          nicolae_spider_hilbert_4_sides_1_open,
          nicolae_spider_hilbert_4_sides_1_open,
          nicolae_spider_hilbert_4_sides_1_open,
          nicolae_spider_hilbert_4_sides_1_open,
          nicolae_spider_hilbert_4_sides_1_open,
          nicolae_spider_hilbert_4_sides_1_open,
          nicolae_spider_hilbert_4_sides_1_open,
          nicolae_spider_hilbert_4_sides_1_open,
          nicolae_spider_hilbert_3_sides_1_open,
          nicolae_spider_hilbert_3_sides_1_open,
          nicolae_spider_hilbert_3_sides_1_open,
          nicolae_spider_hilbert_3_sides_1_open]
Spider:3: layout_chambers
Spider:4: grunt_spider_rune_circles, gammafunk_ghost_split, uniq_arachne
Orc:1:    layout_caves, hellmonk_ghost_happy_afterlife, serial_shops,
          nicolae_shop_advertising_works [nicolae_subvault_shop_adworks],
          nicolae_orc_lava_tube
Orc:2:    st_orc_elflike, layout_caves, special_room
Elf:1:    minmay_elf_arrival_plus, layout_geoelf_octagon, serial_shops,
          nicolae_lakefront_shop, gammafunk_ghost_cemetery,
          hangedman_corner_corridor, minmay_shop_star, uniq_azrael
Elf:2:    nicolae_elf_blades_crystal_corner, layout_loops_ring,
          hellmonk_bongcloud_opening
Elf:3:    grunt_elf_hall_branching, layout_geoelf_diagonals, uniq_asterion
Vaults:1: ontoclasm_vaults_ligature, vaults_room_large_hall, vaults_room_boxed,
          v_rooms_4, nicolae_vaults_alarming, nicolae_vaults_angled_halls,
          vaults_room_pools, nicolae_vaults_gold_heap, layout_vaults_omnigrid,
          serial_shops, nicolae_shop_temple_entry_statues_fountains
Vaults:2: nicolae_vaults_little_squares_3, st_squares,
          nicolae_vaults_little_squares_5, minmay_crypt_entry_simple_statues,
          hangedman_vaults_corner, nicolae_vaults_shelves_hall,
          hangedman_vaults_nodes, v_misc_11,
          nicolae_vaults_windows_and_doors_thing, v_misc_27,
          hangedman_vaults_slither, v_alt_pattern_4, v_misc_23,
          layout_vaults_maze_bifur
Vaults:3: nicolae_vaults_back_hallway, vaults_mumra_minichess,
          ontoclasm_vaults_loading_screen, nicolae_vaults_network_quincunx
          [nicolae_vaults_network_quincunx_subvault,
          nicolae_vaults_network_quincunx_subvault,
          nicolae_vaults_network_quincunx_subvault,
          nicolae_vaults_network_quincunx_subvault,
          nicolae_vaults_network_quincunx_subvault],
          ontoclasm_vaults_ring_large, ontoclasm_vaults_twist,
          hangedman_vaults_nails, vaults_room_large_hall,
          layout_vaults_chaotic_city
Vaults:4: nicolae_vaults_ring_of_whatevers, hangedman_vaults_variations,
          v_misc_26, v_misc_16, nicolae_vaults_know_your_exits,
          vaults_standard_mumra_x, hangedman_vaults_stagger,
          vaults_dpeg_encased_lava, v_misc_12, v_misc_23, vaults_room_grid,
          vaults_mumra_minichess_inversion, layout_vaults_omnibox
Vaults:5
Crypt:1:  hangedman_staggered_hall, layout_catacombs, uniq_mennas, uniq_zenata,
          uniq_grunn
Crypt:2:  layout_gridlike, amcnicky_mini_rare_corridor_liquid,
          grunt_ministairs_1, pandoras_box_mu
Crypt:3:  church_of_pain_bobbens, layout_chaotic_city,
          nicolae_tomb_entry_unfolded_pyramid_diagonal
Depths:1: layout_cave_pools, pan_entry, minmay_misc_feat_hallway,
          grunt_mini_vestibule, kennysheep_generic_room_6
Depths:2: kennysheep_big_flooded_room, layout_basic, enter_ziggurat_a,
          grunt_decor_one_mirror, grunt_pan_entry_sceptre,
          hangedman_tar_grid_catacomb, uniq_saint_roka
Depths:3: hangedman_cross_cluster, layout_basic, pf_hell_entry_great_geh,
          abyss_entry_small_statue_room, good_gods_mini_temple, serial_shops,
          bzr_entry_lakeside
Depths:4: evilmike_zot_entry_hall, layout_cross, hellmouth_3,
          serial_column_ruins, column_ruins_square_small,
          column_ruins_hut_ruined, column_ruins_open_tiny,
          column_ruins_columns_straight, column_ruins_columns_corner,
          column_ruins_grid_4, nicolae_abyss_entry_one_way_or_another, drop_trap
Zot:1:    lemuel_draconian_sentries, layout_cathedral_of_symmetry
Zot:2:    layout_basic, door_vault
Zot:3:    layout_concentric_octagons
Zot:4:    layout_basic
Zot:5:    layout_basic, grunt_ministairs_4, hangedman_zot_decor_scrapings

Skill      XL: |  1  2  3  4  5  6  7  8  9 10 11 12 13 14 15 16 17 18 19 20 21 22 23 24 25 26 27 |
---------------+----------------------------------------------------------------------------------+-----
Unarmed Combat | 1 2 3 5 7 9 11 13 15 16 19 22 26 | 26.9
Fighting       | 1 2 3 4 5 6 8 9 10 11 14 18 21 24 26 27 | 27.0
Transmutations | 7 10 11 15 17 19 | 19.0
Spellcasting   | 4 |  4.0
Dodging        | 8 10 | 10.0
Armour         | 7 10 | 10.0
Earth Magic    | 4 |  4.6
Stealth        | |  1.0
Conjurations   | |  0.6
Air Magic      | |  2.0

Action                   |  1- 3 |  4- 6 |  7- 9 | 10-12 | 13-15 | 16-18 | 19-21 | 22-24 | 25-27 || total
-------------------------+-------+-------+-------+-------+-------+-------+-------+-------+-------++-------
Melee: Unarmed           |    62 |   134 |   226 |   718 |   984 |  1068 |  1125 |   921 |   643 ||  5881
       Punch             |       |     3 |    13 |    65 |   100 |   171 |   221 |   150 |   110 ||   833
       Halberd           |       |       |       |    11 |       |       |       |       |       ||    11
       Tailslap          |       |       |       |       |       |       |    60 |   162 |   122 ||   344
       Bite              |       |       |       |       |       |       |    38 |   112 |    79 ||   229
Throw: Dart              |       |       |       |     4 |     1 |       |       |       |       ||     5
 Cast: Shock             |       |    15 |    41 |       |       |       |       |       |       ||    56
       Blade Hands       |       |       |       |     2 |   103 |   172 |    56 |     2 |       ||   335
       Wereblood         |       |       |       |       |     4 |   162 |    88 |    91 |    64 ||   409
       Beastly Appendage |       |       |       |       |       |     1 |       |       |       ||     1
       Dragon Form       |       |       |       |       |       |       |    28 |    82 |    65 ||   175
Invok: Lunge             |       |       |    17 |    85 |   103 |   141 |   139 |   164 |   112 ||   761
       Whirlwind         |       |       |       |   136 |   282 |   178 |   290 |   221 |   139 ||  1246
       Serpent's Lash    |       |       |       |     8 |    17 |    30 |    12 |     9 |    10 ||    86
       Heavenly Storm    |       |       |       |       |     1 |     1 |       |     1 |     1 ||     4
 Abil: End Transformatio |       |       |       |       |     1 |       |       |       |       ||     1
       Breathe Fire      |       |       |       |       |       |       |       |     1 |       ||     1
Evoke: Wand              |       |       |     8 |    20 |     4 |     3 |       |     3 |     3 ||    41
       Phial of floods   |       |       |       |       |       |       |     1 |       |       ||     1
  Use: Scroll            |     3 |     5 |     3 |    10 |    14 |    11 |     5 |    10 |     6 ||    67
       Potion            |       |     1 |     4 |    10 |     4 |     6 |     7 |     2 |     8 ||    42
 Stab: Sleeping          |       |     2 |     5 |     4 |     1 |     2 |       |     1 |       ||    15
       Invisible         |       |       |     4 |       |       |     1 |       |       |       ||     5
       Paralysed         |       |       |       |     1 |       |       |       |       |       ||     1
       Distracted        |       |       |       |       |       |     2 |       |       |       ||     2
Armor: Robe              |    13 |    48 |    46 |    69 |       |       |       |       |       ||   176
       Troll leather arm |       |       |       |    47 |   156 |   143 |    77 |     2 |     4 ||   429
       Skin              |       |       |       |       |       |       |    41 |   109 |    94 ||   244
Dodge: Dodged            |    28 |    66 |    80 |   204 |   211 |   324 |   282 |   196 |   110 ||  1501
Block: Other             |       |       |       |    63 |   128 |    87 |    86 |       |       ||   364
       Reflection        |       |       |       |     9 |     9 |    19 |    16 |       |       ||    53

Table legend: (Time is in decaauts)
 A = Elapsed time spent in this place.
 B = Non-inter-level travel time spent in this place.
 C = Inter-level travel time spent in this place.
 D = Time resting spent in this place.
 E = Time spent auto-exploring this place.
 F = Levels seen in this place.
 G = Mean time per level.
                   A        B        C        D        E       F      G
               +--------+--------+--------+--------+--------+-----+--------+
         Total |  64445 |  59457 |   4988 |  10666 |  32749 |  54 | 1193.4 |
       Dungeon |  18377 |  16575 |   1802 |   2305 |   9931 |  15 | 1225.1 |
        Temple |     98 |     83 |     15 |      0 |     64 |   1 |   98.0 |
          Lair |   7368 |   6852 |    516 |   2189 |   3461 |   5 | 1473.6 |
        Shoals |   4838 |   4576 |    262 |   1033 |   2136 |   4 | 1209.5 |
   Spider Nest |   7067 |   6545 |    522 |   2006 |   2948 |   4 | 1766.8 |
  Orcish Mines |   1382 |   1191 |    191 |     40 |    896 |   2 |  691.0 |
   Elven Halls |   3410 |   3230 |    180 |    509 |   1557 |   3 | 1136.7 |
        Vaults |   8766 |   8210 |    556 |   1197 |   5493 |   5 | 1753.2 |
         Crypt |   4073 |   3886 |    187 |    339 |   2587 |   3 | 1357.7 |
        Depths |   3559 |   3308 |    251 |    259 |   2092 |   4 |  889.8 |
           Zot |   4071 |   3567 |    504 |    389 |   1432 |   5 |  814.2 |
        Bazaar |     33 |     33 |      0 |      0 |     20 |   1 |   33.0 |
        Bailey |   1062 |   1062 |      0 |    373 |      0 |   1 | 1062.0 |
      Gauntlet |    336 |    336 |      0 |     25 |    131 |   1 |  336.0 |
               +--------+--------+--------+--------+--------+-----+--------+

Top non-repeatable levels by time:
     D:1: 2520 daAuts
  Lair:5: 2238 daAuts
Spider:4: 2106 daAuts
Spider:2: 2093 daAuts
Spider:3: 2076 daAuts
Vaults:1: 2009 daAuts
Vaults:2: 1926 daAuts
 Crypt:3: 1871 daAuts
Shoals:4: 1809 daAuts
Vaults:3: 1742 daAuts
Vaults:5: 1653 daAuts
  Lair:3: 1610 daAuts
Depths:3: 1573 daAuts
   Elf:3: 1477 daAuts
Vaults:4: 1434 daAuts
